 Dungeon Crawl Stone Soup version 0.30-a0-354-g6b83867211 (webtiles) character file.

Game seed: 5774459529930520231

0 blackman the Sneak (level 1, 0/18 HPs)
             Began as a Human Delver on Nov 8, 2022.
             Slain by a hound (4 damage)
             ... on level 7 of the Dungeon.
             The game lasted 00:02:28 (246 turns).

blackman the Sneak (Human Delver)                    Turns: 246, Time: 00:02:29

Health: 0/18       AC:  4    Str: 12    XL:     1   Next: 11%
Magic:  1/1        EV: 12    Int: 10    God:
Gold:   0          SH:  0    Dex: 14    Spells: 0/0 levels left

rFire   . . .      SeeInvis .    i - +0 battleaxe
rCold   . . .      Faith    .    (shield currently unavailable)
rNeg    . . .      Spirit   .    b - +0 leather armour
rPois   .          Reflect  .    j - +0 helmet
rElec   .          Harm     .    (no cloak)
rCorr   .          Rampage  .    (no gloves)
Will    .....                    (no boots)
Stlth   +++.......               (no amulet)
HPRegen 0.23/turn                (no ring)
MPRegen 0.07/turn                (no ring)

@: no status effects
A: no striking features
a: no special abilities


You were on level 7 of the Dungeon.
You visited 1 branch of the dungeon, and saw 3 of its levels.

Inventory:

Hand Weapons
 a - a +0 falchion
 i - a +0 battleaxe (weapon)
Armour
 b - a +0 leather armour (worn)
 j - a +0 helmet (worn)
Wands
 g - a wand of digging (3)
Scrolls
 c - a scroll of fog
 d - a scroll of magic mapping
 e - a scroll of fear
 h - a scroll of enchant armour {unknown}
Potions
 f - a potion of haste


   Skills:
 - Level 3.0 Fighting
 - Level 2.0 Long Blades
 - Level 2.0 Dodging
 - Level 5.0 Stealth
 * Level 0.1 Spellcasting


You couldn't memorise any spells.
You didn't know any spells.
Your spell library contained the following spells:

 Spells                   Type           Power      Damage    Failure   Level
 Freeze                   Ice            0%         1d3       43%         1
 Frozen Ramparts          Ice            0%         1d1       82%         3
 Hailstorm                Conj/Ice       0%         3d3       82%         3
 Olgreb's Toxic Radiance  Pois           0%         N/A       99%         4
 Ozocubu's Refrigeration  Ice            0%         4d7       100%        7
 Ignition                 Fire           0%         3d3       100%        8


Dungeon Overview and Level Annotations

Branches:
Dungeon (7/15)
 Temple: D:4-7

Altars:

Annotations:
D:5 Eustachio
D:7 Prince Ribbit


Message History

2 gnolls come into view.
Unknown command.
Found a helmet. 2 kobolds come into view.
The kobold attacks as you move away!
The kobold hits you with a +0 short sword.
A kobold comes into view. It is wielding a +0 whip.
You see here a +0 helmet.
j - a +0 helmet The kobold barely misses you.
The kobold hits you with a +0 short sword.
The kobold barely misses you.
You slash the kobold!
You kill the kobold!
You start putting on your armour.
You continue putting on your +0 helmet. x4
You finish putting on your +0 helmet.
You start resting.
HP restored.
Prince Ribbit comes into view.
Found a scroll labelled HUYDUU HACAGG.
A hound comes into view.
The helpless hound fails to defend itself.
You hit the hound.
The hound is lightly wounded.
The hound bites you. The hound closely misses you. The hound bites you.
You slash the hound!
The hound is almost dead.
The hound bites you. x2
You closely miss the hound.
The hound is almost dead.
The hound closely misses you. x3
You barely miss the hound.
The hound is almost dead.
The hound barely misses you. The hound bites you.
You barely miss the hound.
The hound is almost dead.
The hound bites you.
* * * LOW HITPOINT WARNING * * *
The hound bites you.
You die...

######## ######
# #......#
#....##.#####
###....#
##.#.@h......
#....#
#.#.##.#####
#.#..# #.#.# #
#.##.# #.#.# #.#
.# ##...#
###.##.# #....#
......### ###.##
........# #.#
###.#.#.######.#


You could see a hound.

Vanquished Creatures
  A kobold (D:7)
1 creature vanquished.

Notes
Turn   | Place    | Note
-------+----------+-------------------------------------------
     0 | D:5      | blackman the Human Delver began the quest for the Orb.
     0 | D:5      | Reached XP level 1. HP: 18/18 MP: 1/1
    43 | D:5      | Noticed Eustachio
    49 | D:5      | Noticed a crimson imp
   110 | D:6      | Noticed an orc warrior
   116 | D:6      | Noticed a gnoll bouda
   197 | D:7      | Noticed Prince Ribbit
   239 | D:7      | Noticed a hound
   246 | D:7      | Slain by a hound

Illustrated notes

Levels and vault maps discovered:
D:5:      layout_loops_cross, nzn_wu_jian_contemplation, gammafunk_ghost_hive,
          st_stairs_9, uniq_eustachio
D:6:      layout_basic, kennysheep_mini, lightli_orcish_oven
D:7:      layout_loops_ring, nicolae_uskayaw_en_pointe, chequers_garden,
          minmay_misc_feat_tower, kennysheep_cross_bottleneck,
          minmay_misc_feat_chi, uniq_duvessa, uniq_prince_ribbit1

Action                   || total
-------------------------++-------
Melee: Battleaxe         ||     6
 Stab: Sleeping          ||     1
Armor: Leather armour    ||     1
Dodge: Dodged            ||    11

Table legend: (Time is in decaauts)
 A = Elapsed time spent in this place.
 B = Non-inter-level travel time spent in this place.
 C = Inter-level travel time spent in this place.
 D = Time resting spent in this place.
 E = Time spent auto-exploring this place.
 F = Levels seen in this place.
 G = Mean time per level.
                   A        B        C        D        E       F      G
               +--------+--------+--------+--------+--------+-----+--------+
         Total |    248 |    248 |      0 |      5 |     65 |   3 |   82.7 |
       Dungeon |    248 |    248 |      0 |      5 |     65 |   3 |   82.7 |
               +--------+--------+--------+--------+--------+-----+--------+

Top non-repeatable levels by time:
     D:7: 131 daAuts
     D:5: 60 daAuts
     D:6: 57 daAuts
